 Dungeon Crawl Stone Soup version 0.20.1-1-g8b1a95d (webtiles) character file.

72 jmlagarto the Magician (level 4, -15/24 HPs)
             Began as a Deep Elf Earth Elementalist on Sept 8, 2017.
             Was an Initiate of the Shining One.
             Demolished by a gnoll
             ... wielding a +0 flail
              (16 damage)
             ... on level 2 of the Dungeon.
             The game lasted 00:07:07 (1459 turns).

jmlagarto the Magician (DEEE)                       Turns: 1459, Time: 00:07:08

Health: -15/24     AC:  2    Str:  5    XL:     4   Next: 7%
Magic:  6/12       EV: 13    Int: 21    God:    the Shining One [......]
Gold:   67         SH:  0    Dex: 15    Spells: 2/12 levels left

rFire    . . .     SeeInvis .   k - +0 club
rCold    . . .     Gourm    .   (no shield)
rNeg     . . .     Faith    .   c - +0 robe
rPois    .         Spirit   .   (no helmet)
rElec    .         Reflect  .   (no cloak)
rCorr    .         Harm     .   (no gloves)
MR       .....                  (no boots)
Stlth    +.........             (no amulet)
Regen    0.1/turn               (no ring)
MPRegen  0.2/turn               (no ring)

@: glowing
A: no striking features
a: Renounce Religion


You were on level 2 of the Dungeon.
You worshipped the Shining One.
The Shining One was noncommittal.
You were very full.

You visited 1 branch of the dungeon, and saw 2 of its levels.

You collected 67 gold pieces.

Inventory:

Hand Weapons
 k - a +0 club (weapon)
Missiles
 b - 31 stones (quivered)
Armour
 c - a +0 robe (worn)
Jewellery
 n - an uncursed ring of protection from cold {unknown}
Scrolls
 f - 2 scrolls of identify {unknown}
 h - a scroll of enchant armour {unknown}
 i - a scroll of remove curse {unknown}
 l - a scroll of enchant weapon {unknown}
 m - a scroll of teleportation {unknown}
 p - 3 scrolls of magic mapping {unknown}
Potions
 a - 3 potions of flight {unknown}
 g - a potion of haste {unknown}
 j - a potion of mutation {unknown}
 o - a potion of agility {unknown}
 q - a potion of curing {unknown}
 r - a potion of heal wounds {unknown}
Books
 e - a book of Geomancy

   Spells                             Type                      Level
   a - Sandblast                      Earth                        1
   b - Passwall                       Transmutation/Earth          2
   c - Stone Arrow                    Conjuration/Earth            3
   d - Petrify                        Transmutation/Earth          4
   e - Lee's Rapid Deconstruction     Earth                        5


   Skills:
 + Level 2.5 Dodging
 - Level 2.8 Stealth
 + Level 4.6 Spellcasting
 + Level 0.2 Conjurations
 + Level 1.1 Transmutations
 + Level 4.2 Earth Magic


You had 2 spell levels left.
You knew the following spells:

 Your Spells              Type           Power        Failure   Level  Hunger
a - Sandblast             Erth           ###...       1%          1    None
b - Passwall              Tmut/Erth      ###.......   5%          2    #......
c - Stone Arrow           Conj/Erth      ##....       13%         3    ##.....
d - Petrify               Tmut/Erth      ###.....     36%         4    ####...


Dungeon Overview and Level Annotations

Branches:
Dungeon (2/15)

Altars:
The Shining One


Message History

The blast of sand misses the gnoll.
b - 31 stones The gnoll hits you with a flail!
The gnoll hits you from afar with a halberd!
* * * LOW HITPOINT WARNING * * *
An adder comes into view.
A frilled lizard and a gnoll come into view.
The gnoll shouts!
The gnoll hits you but does no damage. The gnoll barely misses you.
The adder hisses angrily.
The gnoll misses you. The gnoll hits you with a flail.
* * * LOW HITPOINT WARNING * * *
Casting: Sandblast
Confirm with . or Enter, or press ? or * to list all spells.
Which direction?
The frilled lizard hisses angrily.
The gnoll hits you with a flail!
Ouch! That really hurt!
You die...

##........ . ####......... .l.
............ .... #..........
#...###..........
#.l......).......
#...##.g.$...#..
##.....g...#.##
#....S@....?..###.# ..
##...###.#.##......#
.####.................#
................#.#####.#
..................### #.##
....................##...##
........................##
#.##)..####.............##
#####....#.....#..............


You could see 2 gnolls, an adder and a frilled lizard.

Vanquished Creatures
  A gnoll (D:2)
  2 adders (D:2)
  An ooze (D:1)
  A dart slug (D:1)
  A ball python (D:1)
  4 bats
  A giant cockroach (D:1)
  6 goblins
  4 hobgoblins
  3 jackals (D:1)
  A quokka (D:2)
  2 frilled lizards (D:1)
  6 kobolds
  5 rats
38 creatures vanquished.

Notes
Turn   | Place    | Note
-------+----------+-------------------------------------------
     0 | D:1      | jmlagarto the Deep Elf Earth Elementalist began the quest for the Orb.
     0 | D:1      | Reached XP level 1. HP: 10/10 MP: 6/6
   393 | D:1      | Reached XP level 2. HP: 15/15 MP: 6/8
   598 | D:1      | Reached XP level 3. HP: 19/19 MP: 3/10
   602 | D:1      | Learned a level 2 spell: Passwall
   606 | D:1      | Learned a level 3 spell: Stone Arrow
  1121 | D:2      | Found a glowing golden altar of the Shining One.
  1157 | D:2      | Reached XP level 4. HP: 17/24 MP: 0/12
  1297 | D:2      | Learned a level 4 spell: Petrify
  1302 | D:2      | Became a worshipper of the Shining One
  1458 | D:2      | HP: 1/24 [gnoll/flail (6)]
  1459 | D:2      | Demolished by a gnoll

Skill      XL: |  1  2  3 |
---------------+----------+-----
Spellcasting   | 4 |  4.6
Earth Magic    | 4 |  4.2
Dodging        | |  2.5
Stealth        | |  2.8
Conjurations   | |  0.2
Transmutations | |  1.1

Action                   |  1- 3 |  4- 6 || total
-------------------------+-------+-------++-------
Melee: Club              |     6 |       ||     6
 Cast: Sandblast         |    36 |     8 ||    44
       Stone Arrow       |     9 |     1 ||    10
       Passwall          |       |     1 ||     1
 Stab: Sleeping          |     1 |       ||     1
  Eat: Meat ration       |     1 |       ||     1
       Bread ration      |       |     1 ||     1
Armor: Robe              |     2 |       ||     2
Dodge: Dodged            |    14 |     7 ||    21
